 Dungeon Crawl Stone Soup version 0.19-a0-1933-g052ff51 (webtiles) character file.

79 Kaname the Grave Robber (level 4, -1/30 HPs)
             Began as a Demonspawn Necromancer on Oct 26, 2016.
             Succumbed to a scorpion's poison
             ... on level 3 of the Dungeon.
             The game lasted 00:06:10 (2736 turns).

Kaname the Grave Robber (Demonspawn Necromancer)    Turns: 2736, Time: 00:06:10

Health: -1/30      AC:  4    Str:  9    XL:     4   Next: 17%
Magic:  0/7        EV: 17    Int: 17    God:
Gold:   93         SH:  0    Dex: 20    Spells: 3 memorised, 2 levels left

rFire  . . .     SeeInvis .     q - +0 rapier
rCold  + + .     Gourm    .     a - +0 robe
rNeg   . . .     Faith    .     (no shield)
rPois  .         Spirit   .     j - +0 helmet
rElec  .         Reflect  .     t - +0 cloak (curse)
rCorr  .         Harm     .     (no gloves)
MR     .....                    (no boots)
Stlth  ++++......               (no amulet)
                                (no ring)
                                n - ring of protection from cold

@: agile, lethally poisoned (-1 -> -29), flying
A: thin skeletal structure 1, cold resistance 1
a: no special abilities


You were on level 3 of the Dungeon.
You were not hungry.

You visited 1 branch of the dungeon, and saw 3 of its levels.

You collected 93 gold pieces.

Inventory:

Hand Weapons
 q - a +0 rapier (weapon)
Missiles
 e - 7 javelins (quivered)
Armour
 a - a +0 robe (worn)
 j - a +0 helmet (worn)
 t - a cursed +0 cloak (worn)
Jewellery
 n - a ring of protection from cold (left hand)
Scrolls
 d - 3 scrolls of identify {unknown}
 h - 4 scrolls of remove curse {unknown}
 i - 2 scrolls of enchant armour {unknown}
 m - a scroll of teleportation {unknown}
 p - a scroll of fear {unknown}
 r - a scroll of enchant weapon {unknown}
 u - 2 scrolls of immolation {unknown}
 y - a scroll of noise {unknown}
Potions
 l - 2 potions of flight
 s - a potion of heal wounds {unknown}
Books
 b - a book of Necromancy

   Spells                             Type                      Level
   a - Pain                           Necromancy                   1
   b - Animate Skeleton               Necromancy                   1
   c - Vampiric Draining              Necromancy                   3
   d - Regeneration                   Charms/Necromancy            3
   e - Animate Dead                   Necromancy                   4
   f - Control Undead                 Necromancy                   4
 w - a book of Minor Magic

   Spells                             Type                      Level
   a - Magic Dart                     Conjuration                  1
   b - Blink                          Translocation                2
   c - Call Imp                       Summoning                    2
   d - Repel Missiles                 Charms/Air                   2
   e - Slow                           Hexes                        2
   f - Conjure Flame                  Conjuration/Fire             3
   g - Mephitic Cloud                 Conjuration/Poison/Air       3
Comestibles
 c - 2 bread rations
 f - 2 meat rations
 g - a fruit
 k - a slice of pizza
 o - 2 beef jerkies
 x - 6 chunks of flesh


   Skills:
 - Level 1.7 Dodging
 - Level 1.7 Stealth
 + Level 2.4 Spellcasting
 - Level 6.0 Necromancy


You had 2 spell levels left.
You knew the following spells:

 Your Spells              Type           Power        Failure   Level  Hunger
a - Pain                  Necr           ###.         1%          1    #......
b - Animate Skeleton      Necr           N/A          1%          1    #......
c - Vampiric Draining     Necr           ###.......   6%          3    ###....


Dungeon Overview and Level Annotations

Branches:
Dungeon (3/15)

Altars:

Annotations:
D:3 mushki's ghost, weakling MiGl


Innate Abilities, Weirdness & Mutations

You have a somewhat thin skeletal structure. (Dex +2, Stealth)
Your flesh is cold resistant. (rC+)


Message History

You completely miss the scorpion.
The scorpion is almost dead.
You feel sick. The scorpion stings you.
You are lethally poisoned!
The scorpion poisons you!
You hit the scorpion but do no damage.
The scorpion is almost dead.
You feel sick. The scorpion stings you.
* * * LOW HITPOINT WARNING * * *
You are more poisoned.
The scorpion poisons you! The scorpion closely misses you.
It was a potion of flight.
You feel very buoyant.
You fly up into the air.
* * * LOW HITPOINT WARNING * * *
You feel sick. The scorpion stings you.
* * * LOW HITPOINT WARNING * * *
It was a potion of agility.
You feel agile all of a sudden.
You die...

#.....####.......#
#........รท..#...#..#
#.#...####.....## ###
#.##.## ###..## #..
#.##.# #...###.#
#.##.# #..#.#..#
#.##.# .....#..#.#
##.##.# #.....##s##.#
...##. #..#####@# .#
#### #.. #.# .# # #.
#.# .# # # #.# o. #
#.# .s # ..# # # ..#
######.. ...#
>......# #.##


You could see a scorpion.

Vanquished Creatures
  2 adders (D:3)
  A worm (D:2)
  A dart slug (D:1)
  A leopard gecko (D:1)
  4 giant cockroaches
  6 goblins
  9 hobgoblins
  4 jackals (D:3)
  9 kobolds
  A quokka (D:3)
  A ball python (D:3)
  4 bats
  3 frilled lizards
  5 rats
51 creatures vanquished.

Notes
Turn   | Place    | Note
-------+----------+-------------------------------------------
     0 | D:1      | Kaname the Demonspawn Necromancer began the quest for the Orb.
     0 | D:1      | Reached XP level 1. HP: 13/13 MP: 3/3
   102 | D:1      | Learned a level 1 spell: Animate Skeleton
   482 | D:1      | Gained mutation: Your flesh is cold resistant. (rC+) [demonic ancestry]
   482 | D:1      | Reached XP level 2. HP: 16/19 MP: 1/5
   486 | D:1      | Reached skill level 5 in Necromancy
  1400 | D:2      | Gained mutation: You have a somewhat thin skeletal structure. (Dex +2, Stealth) [demonic ancestry]
  1400 | D:2      | Reached XP level 3. HP: 20/24 MP: 1/6
  1919 | D:2      | Learned a level 3 spell: Vampiric Draining
  2252 | D:3      | Reached skill level 6 in Necromancy
  2521 | D:3      | Noticed mushki's ghost (weakling MiGl)
  2627 | D:3      | Reached XP level 4. HP: 9/30 MP: 3/7
  2735 | D:3      | HP: 1/30 [scorpion (3)]
  2736 | D:3      | Succumbed to a scorpion's poison

Vault maps used:
D:1:      dpeg_arrival_prison
D:2:      first_bread

Skill      XL: |  1  2  3 |
---------------+----------+-----
Necromancy     | 5 6 |  6.0
Dodging        | |  1.7
Stealth        | |  1.7
Spellcasting   | |  2.4

Action                   |  1- 3 |  4- 6 || total
-------------------------+-------+-------++-------
Melee: Unarmed           |     5 |       ||     5
       Dagger            |     4 |       ||     4
       Rapier            |    86 |    13 ||    99
 Cast: Pain              |    47 |       ||    47
       Vampiric Draining |     1 |     4 ||     5
  Use: Potion            |       |     2 ||     2
 Stab: Sleeping          |     5 |       ||     5
  Eat: Chunk             |     6 |     1 ||     7
Armor: Robe              |    18 |     3 ||    21
Dodge: Dodged            |    66 |    14 ||    80
